 Dungeon Crawl Stone Soup version 0.26.1-11-gd32895ea62 (webtiles) character file.

Game seed: 3550032082525827960

302087 promet the Warrior (level 20, 0/189 HPs)
             Began as a Minotaur Fighter on Apr 6, 2021.
             Was an Initiate of Wu Jian.
             Splashed by an acid blob's acid (4 damage)
             ... on level 4 of the Pits of Slime on May 26, 2021.
             The game lasted 09:35:13 (61733 turns).

promet the Warrior (Minotaur Fighter)              Turns: 61733, Time: 09:35:16

Health: 0/189      AC: 23    Str: 33      XL:     20   Next: 20%
Magic:  22/22      EV: 13    Int:  1 (3)  God:    Wu Jian [......]
Gold:   763        SH:  0    Dex: 18      Spells: 18/20 levels left

rFire    . . .     SeeInvis +   Q - +5 broad axe
rCold    + . .     Faith    .   h - +10 tower shield of Ignorance {rN+ Int-4}
rNeg     + . .     Spirit   .   l - +8 plate armour of Okawaru's Wrath {rC+}
rPois    .         Reflect  .   f - +0 mask of the Dragon {Will+ Slay+3 SInv}
rElec    .         Harm     .   Y - +2 cloak {rCorr}
rCorr    +         Rampage  .   I - +2 pair of gloves {Dex+3}
Will     ++...                  H - +2 pair of boots
Stlth    ..........             x - amulet of regeneration
HPRegen  0.81/turn              t - +6 ring of dexterity
MPRegen  0.18/turn              R - +6 ring of strength

@: confused, marked, corroded
A: retaliatory headbutt, fangs 1, horns 2, talons 1, blurry vision 1, clumsy 1,
mutation resistance 1, screaming 1
}: 2/15 runes: serpentine, barnacled
a: Renounce Religion


You were on level 4 of the Pits of Slime.
You worshipped Wu Jian.
Wu Jian was noncommittal.
You visited 7 branches of the dungeon, and saw 37 of its levels.

You collected 3442 gold pieces.
You spent 2679 gold pieces at shops.

Inventory:

Hand Weapons
 a - the +8 hand axe of Zan Quoclu {vorpal, rN+}
   (You took it off an orc on level 5 of the Dungeon)

   It inflicts extra damage upon your enemies.
   It protects you from negative energy.
 b - a +1 fustibalus of freezing
 d - a +3 scimitar of flaming
 j - a +4 demon blade of pain
 E - a +4 rapier of speed
 M - a +4 long sword of freezing
 O - a +2 morningstar of protection
 Q - a +5 broad axe (weapon)
 U - the +9 flail "Qiaqoful" {freeze, *Slow +Inv rElec Int+3}
   (You found it on level 13 of the Dungeon)

   It has been specially enchanted to freeze those struck by it, causing extra
   injury to most foes and up to half again as much damage against particularly
   susceptible opponents.
   It can also slow down cold-blooded creatures.
   It affects your intelligence (+3).
   It insulates you from electricity.
   It lets you turn invisible.
   It may slow you when you take damage.
 W - a +2 morningstar of holy wrath
 Z - a +2 demon trident of venom
Missiles
 o - 75 boomerangs (quivered)
 u - 12 silver javelins
 w - 280 sling bullets
 C - 3 silver boomerangs
 G - 102 poisoned darts
 J - 8 atropa-tipped darts
Armour
 c - a +0 tower shield
 f - the +0 mask of the Dragon (worn) {Will+ Slay+3 SInv}
   (You found it on level 13 of the Dungeon)

   It affects your accuracy and damage with ranged weapons and melee attacks
   (+3).
   It affects your willpower, your defense against some magical effects.
   It lets you see invisible.
 h - the +10 tower shield of Ignorance (worn) {rN+ Int-4}
   (You found it on level 1 of the Orcish Mines)

   It affects your intelligence (-4).
   It protects you from negative energy.
 l - the +8 plate armour of Okawaru's Wrath (worn) {rC+}
   (You found it on level 12 of the Dungeon)

   It protects you from cold.
 H - a +2 pair of boots (worn)
 I - a +2 pair of gloves of dexterity (worn)
 Y - a +2 cloak of preservation (worn)
Jewellery
 p - the ring "Baocviot" {*Tele +Blink Will+ MP+9}
   (You found it on level 4 of the Shoals)

   [ring of teleportation]

   It may teleport you next to monsters.
   It affects your willpower, your defense against some magical effects.
   It affects your magic capacity (+9).
   It lets you blink.
 t - a +6 ring of dexterity (left hand)
 x - an amulet of regeneration (around neck)
 A - an uncursed amulet of the acrobat
 L - an uncursed ring of protection from fire
 R - a +6 ring of strength (right hand)
 V - an uncursed ring of resist corrosion
Wands
 i - a wand of digging (4)
 k - a wand of iceblast (50)
 s - a wand of disintegration (7)
 B - a wand of random effects (57)
 K - a wand of acid (19)
 N - a wand of paralysis (12)
Scrolls
 m - a scroll of teleportation
 n - 2 scrolls of fear
 q - 2 scrolls of magic mapping
 r - a scroll of fog
 y - 9 scrolls of remove curse
 S - 12 scrolls of identify
Potions
 g - a potion of flight
 v - 6 potions of lignification
 z - 8 potions of cancellation
 D - 4 potions of ambrosia
 F - a potion of brilliance
 T - 5 potions of curing
Miscellaneous
 e - a box of beasts
 P - a condenser vane
 X - a phantom mirror


   Skills:
 + Level 18.7 Fighting
 + Level 7.6 Long Blades
 + Level 17.1(17.3) Axes
 + Level 2.5(11.8) Maces & Flails
 + Level 2.2(11.8) Polearms
 + Level 10.2(12.3) Slings
 + Level 10.6(12.0) Throwing
 + Level 15.2 Armour
 + Level 8.1 Dodging
 * Level 13.2 Stealth
 + Level 17.7 Shields
 + Level 0.9 Spellcasting
 + Level 3.2 Ice Magic
 + Level 2.9 Air Magic
 + Level 3.7 Earth Magic
 + Level 2.9 Poison Magic
 + Level 4.3 Invocations
 + Level 6.2 Evocations


You had 18 spell levels left.
You knew the following spells:

 Your Spells              Type           Power        Failure   Level
a - Sandblast             Erth           0%           86%         1
b - Freeze                Ice            0%           90%         1

Your spell library contained the following spells:

 Spells                   Type           Power        Failure   Level
 Corpse Rot               Necr/Air       N/A          99%         2
 Passwall                 Tmut/Erth      0%           99%         2
 Frozen Ramparts          Ice            0%           99%         3
 Ozocubu's Armour         Ice            0%           99%         3
 Animate Skeleton         Necr           0%           100%        1
 Apportation              Tloc           0%           100%        1
 Beastly Appendage        Tmut           0%           100%        1
 Corona                   Hex            0%           100%        1
 Summon Small Mammal      Summ           0%           100%        1
 Call Imp                 Summ           0%           100%        2
 Sublimation of Blood     Necr           0%           100%        2
 Wereblood                Tmut           0%           100%        2
 Call Canine Familiar     Summ           0%           100%        3
 Spider Form              Tmut/Pois      0%           100%        3
 Stone Arrow              Conj/Erth      0%           100%        3
 Summon Guardian Golem    Hex/Summ       0%           100%        3
 Cause Fear               Hex            0%           100%        4
 Dispel Undead            Necr           0%           100%        4
 Hailstorm                Conj/Ice       0%           100%        4
 Ice Form                 Ice/Tmut       0%           100%        4
 Petrify                  Tmut/Erth      0%           100%        4
 Summon Ice Beast         Ice/Summ       0%           100%        4
 Summon Lightning Spire   Summ/Air       0%           100%        4
 Agony                    Necr           0%           100%        5
 Blade Hands              Tmut           0%           100%        5
 Excruciating Wounds      Necr           0%           100%        5
 Lee's Rapid Deconstruct  Erth           0%           100%        5
 Silence                  Hex/Air        0%           100%        5
 Yara's Violent Unravell  Hex/Tmut       0%           100%        5
 Discord                  Hex            0%           100%        8


Dungeon Overview and Level Annotations

Branches:
Dungeon (15/15)            Temple (1/1) D:6            Lair (6/6) D:8
 Shoals (4/4) Lair:2        Snake (4/4) Lair:4        Slime (5/5) Lair:6
    Orc (2/2) D:12            Elf (0/3) Orc:2        Depths (0/5) D:15
 Vaults: D:13-14

Altars:
Ashenzari
Cheibriados
Dithmenos
Elyvilon
Fedhas
Gozag
Hepliaklqana
Kikubaaqudgha
Makhleb
Nemelex Xobeh
Okawaru
Qazlal
Ru
Sif Muna
Trog
Uskayaw
Vehumet
Wu Jian
Xom
Yredelemnul
Zin
The Shining One
Jiyva

Shops:
D:8 }   D:9 (   D:12 (   D:13 }   D:15 [   Orc:2 [(*}   Shoals:1 [[
Shoals:2 [   Snake:3 }?(   Snake:4 =}}(

Portals:
Hell: Lair:6

Annotations:
D:9 exclusion: orange crystal statue
Lair:2 1 runed translucent door, thatshaggymatt's ghost, journeyman MiBe
Lair:4 exclusion: oklob plant
Shoals:1 3 runed translucent doors, exclusion: obsidian statue, thatshaggymatt's ghost, journeyman MiBe
Snake:1 2 transporters, exclusion: obsidian statue
Slime:5 Royal Jelly


Innate Abilities, Weirdness & Mutations

You reflexively headbutt those who attack you in melee.
You have a pair of horns on your head.
You have very sharp teeth.
You have sharp toenails.
Scrolls take you a little longer to read.
You are clumsy. (Dex -2)
You are somewhat resistant to further mutation.
You occasionally shout uncontrollably at your foes.


Message History

The acid blob spits acid at you.
The splash of acid hits you but does no damage.
You are splashed with acid.
You resist.
* * * LOW HITPOINT WARNING * * *
You block the acid blob's attack. x2
You climb upwards.
There is a stone staircase leading down here.
You are confused.
You feel invigorated. The acid blob hits you!!
* * * LOW HITPOINT WARNING * * *
You are splashed with acid.
You resist.
* * * LOW HITPOINT WARNING * * *
The acid blob hits you!!
* * * LOW HITPOINT WARNING * * *
You are splashed with acid.
You resist.
* * * LOW HITPOINT WARNING * * *
The acid blob hits you.
* * * LOW HITPOINT WARNING * * *
You are splashed with acid.
You resist.
You die...

..# # ...#.##
#.##.######..... ..
#......#..#.....## ..#
.#.##............# #.##
..## ............# #...#
...###.......<...##.#...
....# ##................
....#####.......J.......
...###..........@.......
....#...........JJ......
........................
.<........#.#......##...
........................
....#...................
...###..................
....#.....#.......##...#
.....#...###.#.#.......#


You could see 3 acid blobs.

Vanquished Creatures
  Dissolution (Lair:6)
  Bai Suzhen (Shoals:3)
  Jorgrun (Snake:2)
  Asterion (Snake:4)
  13 acid blobs
  Polyphemus (Shoals:4)
  A tengu reaver (D:13)
  A shadow dragon (D:13)
  9 nagarajas
  2 fire giants
  5 azure jellies
  A deep elf annihilator (D:13)
  A bunyip (shapeshifter) (D:13)
  4 merfolk javelineers (Shoals:4)
  2 great orbs of eyes
  10 merfolk impalers
  3 death oozes
  11 hydras
  Erolcha (D:9)
  24 naga warriors
  A rakshasa (D:15)
  2 catoblepae
  2 merfolk avatars (Shoals:3)
  5 boulder beetles
  11 anacondas
  3 centaur warriors
  14 two-headed ogres
  5 merfolk aquamancers
  Erica (D:11)
  2 alligator snapping turtles
  7 death yaks
  A satyr (Shoals:4)
  4 ogre magi (Orc:2)
  2 death knights (D:15)
  2 orc high priests (Orc:2)
  A tengu warrior (D:12)
  18 naga sharpshooters
  6 shock serpents
  6 skeletal warriors (D:15)
  A sixfirhy (Lair:6)
  3 salamander mystics
  28 sea snakes
  A wizard (Lair:6)
  3 glowing orange brains
  5 unseen horrors
  A phantasmal warrior (D:15)
  4 orange crystal statues (Orc:1)
  12 harpies
  6 naga ritualists
  11 mana vipers
  9 ugly things
  3 deep elf magi
  5 fauns
  An orc knight (Orc:2)
  An orb spider (shapeshifter) (D:15)
  8 cyclopes
  4 oklob plants
  5 shining eyes
  3 orc sorcerers
  A cyclops (shapeshifter) (D:15)
  14 elephants
  17 salamanders
  26 manticores
  5 merfolk sirens
  Maurice (D:11)
  35 black mambas
  5 water nymphs
  Joseph (Lair:1)
  A smoke demon (Lair:6)
  25 naga magi
  9 guardian serpents
  3 eyes of devastation
  3 gargoyles
  An orange demon (Lair:6)
  14 cane toads
  A kobold demonologist (D:9)
  11 rime drakes
  4 ice devils
  2 freezing wraiths (D:15)
  9 komodo dragons
  A tengu conjurer (D:13)
  A queen bee (shapeshifter) (D:13)
  3 red devils (Lair:6)
  4 polar bears
  3 meliai (D:15)
  30 merfolk
  6 wind drakes
  A queen bee (D:15)
  4 hornets
  A blink frog (shapeshifter) (D:15)
  7 snapping turtles
  16 trolls
  5 blink frogs (Lair:2)
  129 slime creatures
  8 dream sheep
  Sigmund (D:2)
  A shadow (D:12)
  9 basilisks
  4 wraiths
  16 wyverns
  6 water elementals
  A vampire (D:12)
  32 yaks
  5 steam dragons
  8 golden eyes
  4 vampire mosquitoes (D:12)
  65 nagas
  A warg (Orc:1)
  3 hell hounds (Lair:6)
  An acid dragon (D:12)
  A naga (shapeshifter) (D:13)
  20 water moccasins
  23 orc warriors
  3 ice beasts
  3 black bears
  2 sky beasts
  9 eyes of draining
  28 ogres
  A necrophage (D:9)
  3 phantoms
  9 centaurs
  4 big kobolds
  21 bullfrogs
  A wyvern zombie (D:13)
  A gnoll sergeant (D:8)
  19 killer bees
  A scorpion (D:10)
  6 wights
  4 howler monkeys
  A vampire bat (Orc:2)
  2 electric eels
  7 centaur zombies
  A crimson imp (D:5)
  4 hounds
  2 quasits (D:12)
  Crazy Yiuf (D:3)
  19 orc priests
  2 centaur skeletons
  A gnoll shaman (D:5)
  13 jellies
  23 orc wizards
  6 bullfrog skeletons
  3 iguanas
  23 hell rats
  10 worker ants
  A hound zombie (D:6)
  A hound skeleton (D:5)
  A howler monkey zombie (D:9)
  13 gnolls
  2 howler monkey skeletons
  A worker ant zombie (D:5)
  12 adders
  2 shadow imps
  3 white imps
  An ufetubus (D:10)
  An ooze (D:4)
  A worm (D:4)
  3 dart slugs
  4 leopard geckos
  74 orcs
  13 bats
  6 giant cockroaches
  4 goblins
  3 hobgoblins
  18 jackals
  7 kobolds
  6 quokkas
  A ball python (D:5)
  7 frilled lizards
  A leopard gecko skeleton (D:3)
  3 quokka skeletons
  A quokka zombie (D:9)
  3 rats
  A bush (Lair:1)
1335 creatures vanquished.

Vanquished Creatures (collateral kills)
  Donald (Orc:2)
  2 ogres (Orc:2)
  A bullfrog (D:13)
4 creatures vanquished.

Vanquished Creatures (others)
  A centaur skeleton (D:12)
  A naga (Snake:4)
  An orc wizard (Orc:2)
  70 fungi
  65 plants
138 creatures vanquished.

Grand Total: 1477 creatures vanquished

Notes
Turn   | Place    | Note
-------+----------+-------------------------------------------
     0 | D:1      | promet the Minotaur Fighter began the quest for the Orb.
     0 | D:1      | Reached XP level 1. HP: 19/19 MP: 0/0
   656 | D:1      | Reached XP level 2. HP: 27/27 MP: 1/1
   657 | D:1      | Reached skill level 4 in Fighting
   971 | D:2      | Noticed Sigmund
  1178 | D:2      | Found a broken altar of Ashenzari.
  1188 | D:2      | Found a snail-covered altar of Cheibriados.
  1191 | D:2      | Reached XP level 3. HP: 30/33 MP: 2/2
  1254 | D:2      | Killed Sigmund
  1255 | D:2      | Reached XP level 4. HP: 35/41 MP: 3/3
  1255 | D:2      | Reached XP level 5. HP: 40/47 MP: 4/4
  1466 | D:2      | Reached skill level 5 in Fighting
  1596 | D:2      | Found an ancient bone altar of Kikubaaqudgha.
  1601 | D:2      | Reached skill level 1 in Throwing
  1997 | D:3      | Found a blossoming altar of Fedhas.
  2468 | D:3      | Reached XP level 6. HP: 44/56 MP: 5/5
  2708 | D:3      | Found a runed translucent door.
  2709 | D:3      | Noticed Crazy Yiuf
  2715 | D:3      | Killed Crazy Yiuf
  2716 | D:3      | Reached skill level 5 in Axes
  2716 | D:3      | Reached skill level 5 in Shields
  2856 | D:4      | Found an ornate altar of the Wu Jian Council.
  2867 | D:4      | Became a worshipper of the Wu Jian Council
  3097 | D:4      | Noticed an ice beast
  3105 | D:4      | Killed an ice beast
  3227 | D:4      | Found a glowing silver altar of Zin.
  3301 | D:4      | Reached skill level 5 in Armour
  3301 | D:4      | Reached XP level 7. HP: 61/61 MP: 6/6
  3365 | D:4      | Noticed a steam dragon
  3366 | D:4      | Gained mutation: You tend to lose your temper in combat.
                  | [potion of mutation]
  3366 | D:4      | Gained mutation: You are dopey. (Int -2) [potion of
                  | mutation]
  3366 | D:4      | Gained mutation: Your natural rate of healing is unusually
                  | fast. [potion of mutation]
  3367 | D:4      | Lost mutation: You tend to lose your temper in combat.
                  | [potion of mutation]
  3367 | D:4      | Lost mutation: Your natural rate of healing is unusually
                  | fast. [potion of mutation]
  3367 | D:4      | Lost mutation: You are dopey. (Int -2) [potion of mutation]
  3367 | D:4      | Gained mutation: Armour fits poorly on your strangely
                  | shaped body. [potion of mutation]
  3367 | D:4      | Gained mutation: You have very sharp teeth. [potion of
                  | mutation]
  3367 | D:4      | Gained mutation: Your muscles are strong. (Str +2) [potion
                  | of mutation]
  3375 | D:4      | Killed a steam dragon
  3609 | D:5      | Entered Level 5 of the Dungeon
  3829 | D:4      | Reached skill level 6 in Fighting
  3829 | D:4      | Reached skill level 1 in Stealth
  4086 | D:5      | Identified the +8 hand axe of Zan Quoclu {vorpal, rN+}
  4128 | D:5      | Reached XP level 8. HP: 59/71 MP: 7/7
  4495 | D:5      | Reached XP level 9. HP: 78/78 MP: 7/11
  4605 | D:5      | Reached * piety under Wu Jian
  4732 | D:5      | Lost mutation: Your muscles are strong. (Str +2) [potion of
                  | mutation]
  4732 | D:5      | Lost mutation: Armour fits poorly on your strangely shaped
                  | body. [potion of mutation]
  4732 | D:5      | Gained mutation: You have sharp toenails. [potion of
                  | mutation]
  4732 | D:5      | Gained mutation: You are somewhat resistant to further
                  | mutation. [potion of mutation]
  4732 | D:5      | Gained mutation: Your spells are a little harder to cast,
                  | but a little more powerful. [potion of mutation]
  5104 | D:6      | Found a basalt altar of Yredelemnul.
  5371 | D:6      | Noticed a troll
  5377 | D:6      | Killed a troll
  5419 | D:6      | Found a staircase to the Ecumenical Temple.
  5483 | D:6      | Noticed a two-headed ogre
  5495 | D:6      | Killed a two-headed ogre
  5496 | D:6      | Reached skill level 7 in Fighting
  5715 | D:6      | Reached skill level 1 in Slings
  6070 | D:7      | Noticed a two-headed ogre
  6080 | D:7      | Killed a two-headed ogre
  6081 | D:7      | Reached XP level 10. HP: 88/88 MP: 12/12
  6137 | D:7      | Reached ** piety under Wu Jian
  6235 | D:7      | Found a blossoming altar of Fedhas.
  6536 | D:7      | Reached skill level 8 in Fighting
  6728 | D:8      | Found an iron altar of Okawaru.
  6755 | D:8      | Found Garupn's Gadget Shoppe.
  6880 | D:8      | Found a shimmering altar of Xom.
  7300 | D:8      | Killed an unseen horror
  7508 | D:8      | Noticed a two-headed ogre
  7526 | D:8      | Killed a two-headed ogre
  7527 | D:8      | Reached skill level 10 in Axes
  7527 | D:8      | Reached skill level 5 in Dodging
  7531 | D:8      | Reached XP level 11. HP: 65/95 MP: 13/13
  7542 | D:8      | HP: 4/95 [steam dragon] (8)]
  7686 | D:8      | Learned a level 1 spell: Sandblast
  7693 | D:8      | Reached *** piety under Wu Jian
  7747 | D:8      | Found a staircase to the Lair.
  7903 | D:9      | Found Casas's Weapon Emporium.
  7932 | D:9      | Bought a +0 fustibalus for 255 gold pieces
  8124 | D:9      | Noticed an orange crystal statue
  8402 | D:9      | Reached skill level 9 in Fighting
  8445 | D:9      | Found a hide-covered altar of Uskayaw.
  8447 | D:9      | Found a bloodstained altar of Trog.
  8482 | D:9      | Learned a level 1 spell: Freeze
  8791 | D:9      | Noticed Erolcha
  9535 | D:9      | Killed Erolcha
  9565 | D:10     | Entered Level 10 of the Dungeon
  9854 | D:10     | Reached **** piety under Wu Jian
 10193 | D:10     | Got a jacinth-studded scale mail
 10203 | D:10     | Identified the +3 scale mail of the Tanner {rN+} (You found
                  | it on level 10 of the Dungeon)
 10787 | D:10     | Reached skill level 5 in Stealth
 11480 | D:11     | Noticed Maurice
 11496 | D:11     | Killed Maurice
 12252 | D:11     | Noticed Erica
 12263 | D:11     | Killed Erica
 12451 | D:11     | Upgraded the game from 0.26.1-10-gdfb7c7de75 to
                  | 0.26.1-11-gd32895ea62
 12686 | D:12     | Found a staircase to the Orcish Mines.
 12726 | D:12     | Reached skill level 10 in Fighting
 12726 | D:12     | Reached XP level 12. HP: 101/106 MP: 14/14
 12757 | D:12     | Noticed a four-headed hydra
 12780 | D:12     | Killed a one-headed hydra
 12780 | D:12     | Reached ***** piety under Wu Jian
 12793 | D:12     | Reached skill level 1 in Long Blades
 12823 | D:12     | Noticed a centaur warrior
 13072 | D:12     | Noticed a boulder beetle
 13105 | D:11     | Killed a boulder beetle
 13288 | D:12     | Found Goamipri's Antique Weapon Shop.
 13361 | D:12     | Noticed a great orb of eyes
 13377 | D:12     | Killed a great orb of eyes
 14009 | D:12     | Noticed an eight-headed hydra
 14247 | D:11     | Killed a two-headed hydra
 14743 | D:12     | Noticed a tengu warrior
 14753 | D:12     | Killed a tengu warrior
 15073 | D:12     | Reached skill level 11 in Fighting
 15335 | Lair:1   | Entered Level 1 of the Lair of Beasts
 15336 | Lair:1   | Noticed Joseph
 15349 | Lair:1   | Killed Joseph
 15567 | Lair:1   | Reached skill level 5 in Slings
 16934 | Lair:2   | Found a staircase to the Shoals.
 16938 | Lair:2   | Found a runed translucent door.
 17117 | Lair:2   | Reached XP level 13. HP: 97/116 MP: 15/15
 17339 | Lair:2   | Found a shimmering altar of Xom.
 17339 | Lair:2   | Noticed thatshaggymatt's ghost (journeyman MiBe)
 18769 | Lair:3   | Found a shimmering altar of Xom.
 19154 | Lair:3   | Reached skill level 12 in Fighting
 19843 | Lair:3   | Reached skill level 10 in Armour
 21736 | Lair:4   | Found a staircase to the Snake Pit.
 22612 | Lair:5   | You fall into a shaft and drop 1 floor!
 22612 | Lair:6   | Entered Level 6 of the Lair of Beasts
 22635 | Lair:6   | Found a burning altar of Makhleb.
 22643 | Lair:6   | Reached skill level 13 in Fighting
 22653 | Lair:6   | Reached skill level 10 in Shields
 22903 | Lair:6   | Reached XP level 14. HP: 59/129 MP: 16/16
 24529 | Lair:6   | Found a staircase to the Slime Pits.
 24529 | Lair:6   | Found a viscous altar of Jiyva.
 24816 | Lair:6   | Reached skill level 5 in Long Blades
 25501 | Lair:6   | Reached skill level 5 in Evocations
 26245 | Lair:6   | Reached skill level 5 in Throwing
 26300 | Lair:6   | Found a gateway to Hell.
 26316 | Lair:6   | Identified the +3 leather armour of Daffodils {Rampage
                  | rPois Int+4} (You found it on level 6 of the Lair of
                  | Beasts)
 26420 | Lair:6   | Reached ****** piety under Wu Jian
 26835 | D:12     | Bought a runed broad axe for 168 gold pieces
 26972 | D:12     | Noticed a fire giant
 27919 | D:12     | Reached skill level 1 in Polearms
 28071 | D:12     | Got a polished plate armour
 28082 | D:12     | Identified the +8 plate armour of Okawaru's Wrath {rC+}
                  | (You found it on level 12 of the Dungeon)
 28179 | D:12     | Noticed a fire giant
 28187 | D:12     | Killed a fire giant
 29004 | D:13     | Found Obaguas's Gadget Shoppe.
 29012 | D:13     | Bought a condenser vane for 680 gold pieces
 29012 | D:13     | Bought a wand of iceblast (12) for 272 gold pieces
 29012 | D:13     | Bought a wand of iceblast (11) for 255 gold pieces
 29419 | D:13     | Got an iridescent flail
 29419 | D:13     | Identified the +9 flail "Qiaqoful" {freeze, *Slow +Inv
                  | rElec Int+3} (You found it on level 13 of the Dungeon)
 29422 | D:13     | Found a burning altar of Makhleb.
 29616 | D:13     | Reached XP level 15. HP: 137/137 MP: 17/17
 29673 | D:13     | Reached skill level 14 in Fighting
 30234 | D:13     | Noticed a tengu reaver
 30235 | D:13     | Found the +0 mask of the Dragon {Will+ Slay+3 SInv}
 30235 | D:13     | Noticed a fire giant
 30239 | D:13     | Noticed a shadow dragon
 30576 | D:13     | Killed a fire giant
 30902 | D:13     | Killed a shadow dragon
 31134 | D:13     | Killed a tengu reaver
 31641 | Orc:1    | Entered Level 1 of the Orcish Mines
 31874 | Orc:1    | Found a radiant altar of Vehumet.
 31896 | Orc:1    | Found a runed translucent door.
 31908 | Orc:1    | Found the +10 tower shield of Ignorance {rN+ Int-4}
 32020 | Orc:1    | Found a runed translucent door.
 32323 | Orc:1    | Found a frozen archway.
 32540 | Orc:2    | Entered Level 2 of the Orcish Mines
 32597 | Orc:2    | Found a burning altar of Makhleb.
 32637 | Orc:2    | Reached skill level 1 in Maces & Flails
 33618 | Orc:2    | Found a shimmering altar of Xom.
 33658 | Orc:2    | Reached skill level 15 in Fighting
 33774 | Orc:2    | Found Ynotatt's Armour Emporium.
 33774 | Orc:2    | Found Notos's General Store.
 33775 | Orc:2    | Found Sixyruza's Weapon Shop.
 33775 | Orc:2    | Found Gapteap's Gadget Shoppe.
 33809 | Orc:2    | Found a staircase to the Elven Halls.
 34029 | Orc:2    | Noticed Donald
 34057 | Orc:2    | Killed Donald
 34918 | Orc:2    | Bought an uncursed amulet of regeneration for 390 gold
                  | pieces
 34919 | Orc:2    | Bought a wand of iceblast (10) for 224 gold pieces
 35234 | D:15     | Entered Level 15 of the Dungeon
 35813 | D:15     | Reached XP level 16. HP: 149/149 MP: 18/18
 35864 | D:15     | Found a staircase to the Depths.
 36081 | D:15     | Reached skill level 15 in Axes
 36147 | D:15     | Found Inoihag's Antique Armour Shop.
 37469 | Snake:1  | Entered Level 1 of the Snake Pit
 37781 | Snake:1  | Found a transporter.
 38190 | Snake:1  | Reached skill level 16 in Fighting
 39051 | Snake:1  | Found a transporter.
 39896 | Snake:2  | Noticed Jorgrun
 41439 | Snake:2  | Killed Jorgrun
 41782 | Snake:2  | Reached XP level 17. HP: 149/159 MP: 19/19
 42214 | Snake:3  | Found Ycsov's Weapon Boutique.
 42216 | Snake:3  | Found Cabuffyonu's Magic Scroll Shop.
 42219 | Snake:3  | Found Nuqezim's Gadget Boutique.
 43443 | Snake:4  | Entered Level 4 of the Snake Pit
 44402 | Snake:4  | Reached skill level 10 in Stealth
 44436 | Snake:4  | Found Moisu's Jewellery Emporium.
 44436 | Snake:4  | Found Piat's Gadget Boutique.
 44437 | Snake:4  | Found Viutonor's Gadget Boutique.
 45084 | Snake:4  | Noticed Asterion
 45477 | Snake:4  | Killed Asterion
 45488 | Snake:4  | Reached skill level 17 in Fighting
 45721 | Snake:4  | Reached XP level 18. HP: 140/169 MP: 20/20
 45833 | Snake:4  | Found Qykliogh's Weapon Shoppe.
 46684 | Snake:4  | Got a serpentine rune of Zot
 46777 | Snake:4  | Reached skill level 15 in Shields
 46975 | Slime:1  | Entered Level 1 of the Pits of Slime
 47148 | Slime:1  | Lost mutation: Your spells are a little harder to cast, but
                  | a little more powerful. [a shining eye]
 47149 | Slime:1  | Gained mutation: You occasionally shout uncontrollably at
                  | your foes. [a shining eye]
 47555 | Slime:2  | Noticed Dissolution
 47574 | Slime:1  | Paralysed by a floating eye for 2 turns
 47722 | Lair:6   | Killed Dissolution
 47924 | Shoals:1 | Entered Level 1 of the Shoals
 47970 | Shoals:1 | Found Wacit's Armour Shoppe.
 48130 | Shoals:1 | Bought a scarf of shadows for 156 gold pieces
 48261 | Shoals:1 | Found a runed translucent gate.
 48261 | Shoals:1 | Found a runed translucent gate.
 48261 | Shoals:1 | Found a runed translucent gate.
 48268 | Shoals:1 | Found an opulent altar of Gozag.
 48270 | Shoals:1 | Noticed thatshaggymatt's ghost (journeyman MiBe)
 48272 | Shoals:1 | Found Navihoch's Assorted Antiques.
 48272 | Shoals:1 | Found Xoejueriysm's Antique Armour Shoppe.
 49295 | Shoals:2 | Found Bats's Armour Shoppe.
 49339 | Shoals:2 | Reached skill level 10 in Throwing
 49570 | Shoals:2 | Bought a +2 pair of gloves of dexterity for 279 gold pieces
 50124 | Shoals:3 | Reached skill level 18 in Fighting
 50151 | Shoals:3 | Noticed Bai Suzhen
 50490 | Shoals:3 | Killed Bai Suzhen
 50491 | Shoals:3 | Reached XP level 19. HP: 108/179 MP: 21/21
 51567 | Shoals:3 | Found an iron altar of Okawaru.
 51793 | Shoals:4 | Entered Level 4 of the Shoals
 52328 | Shoals:4 | Identified the ring "Baocviot" {*Tele +Blink Will+ MP+9}
                  | (You found it on level 4 of the Shoals)
 52378 | Shoals:4 | Reached skill level 10 in Slings
 52443 | Shoals:4 | Noticed Polyphemus
 52462 | Shoals:4 | Killed Polyphemus
 53735 | Shoals:4 | Got a barnacled rune of Zot
 55050 | Orc:1    | Lost intelligence.
 57194 | Slime:1  | Reached skill level 15 in Armour
 58189 | Slime:3  | Gained mutation: You are clumsy. (Dex -2) [a shining eye]
 58215 | Slime:3  | Gained mutation: Scrolls take you a little longer to read.
                  | [a shining eye]
 58743 | Slime:3  | You fall into a shaft and drop 1 floor!
 58756 | Slime:3  | Reached XP level 20. HP: 189/189 MP: 22/22
 59471 | Slime:5  | Entered Level 5 of the Pits of Slime
 59610 | Lair:6   | Fell from the grace of Wu Jian
 59610 | Lair:6   | Became a worshipper of Jiyva Jegowk the Shapeless
 59756 | Slime:5  | Noticed the Royal Jelly
 59757 | Slime:5  | Found a viscous altar of Jiyva.
 60676 | Temple   | Entered the Ecumenical Temple
 61006 | D:4      | Fell from the grace of Jiyva
 61006 | D:4      | Became a worshipper of the Wu Jian Council
 61733 | Slime:4  | HP: 9/189 [acid (3)]
 61733 | Slime:4  | HP: 4/189 [acid blob (5)]
 61733 | Slime:4  | Splashed by an acid blob's acid

Illustrated notes

Levels and vault maps discovered:
D:1:      evilmike_arrival_hilbert_curve, layout_basic
D:2:      layout_rooms, nicolae_overflow_hidden_temple, old_standard_altar,
          chequers_serial_rivers_small_3, kennysheep_slug_shrine, uniq_sigmund
D:3:      layout_basic, fedhas_altar_2, uniq_crazy_yiuf_cottage
D:4:      layout_loops_ring, overflow_temple_1_default, zin_scriptorium
D:5:      layout_cave_pools, minmay_fire_ice_demons
D:6:      layout_gridville, minmay_temple_entry_offerings, basic_altar,
          hex_medium
D:7:      layout_rooms, kennysheep_mini
D:8:      layout_basic, okawaru_gym_becter, erik_lair_dragon, serial_shops,
          shop, columned_hall_lemuel, brannock_xom_greatest_gift
D:9:      layout_loops_ring, grunt_temple_overflow_open, serial_shops,
          nicolae_shop_stone, minivault_15, uniq_erolcha
D:10:     layout_irregular_city
D:11:     layout_irregular_city, st_stairs_4, hangedman_decor_diamond_cutter,
          uniq_erica, uniq_maurice
D:12:     minmay_the_grid_square_5x5_5x5_mashed
          [minmay_the_grid_square_5x5_inner_i,
          minmay_the_grid_square_5x5_six_small, minmay_the_grid_square_5x5_comb,
          minmay_the_grid_square_5x5_tie, minmay_the_grid_square_5x5_detours,
          minmay_the_grid_square_5x5_tetrominoes,
          minmay_the_grid_square_5x5_prize_monsterx,
          minmay_the_grid_square_5x5_seven,
          minmay_the_grid_square_5x5_prize_pseudospiral,
          minmay_the_grid_square_5x5_dogpile,
          minmay_the_grid_square_5x5_fancy_junction,
          minmay_the_grid_square_5x5_shrine2,
          minmay_the_grid_square_5x5_prize_snowflake,
          minmay_the_grid_square_5x5_n, minmay_the_grid_square_5x5_empty,
          minmay_the_grid_square_5x5_two_small,
          minmay_the_grid_square_5x5_prize_open,
          minmay_the_grid_square_5x5_bite,
          minmay_the_grid_square_5x5_prize_open,
          minmay_the_grid_square_5x5_half_checkered,
          minmay_the_grid_square_5x5_six,
          minmay_the_grid_square_5x5_doubleslash,
          minmay_the_grid_square_5x5_minimal,
          minmay_the_grid_square_5x5_three_walls,
          minmay_the_grid_square_5x5_spiral_small], layout_gridville,
          david_orc_2, serial_shops,
          nicolae_shop_temple_entry_statues_fountains,
          onia_ninara_dug_in_and_dangerous
D:13:     kennysheep_snake, layout_gridville, basic_altar, serial_shops, shop
D:14:     kennysheep_bubble_arena, layout_gridville, grunt_vaults_entry_tiered,
          basic_altar, chequers_serial_rivers_small_3
D:15:     gammafunk_enter_depths_forms, layout_loops_ring,
          chequers_serial_rivers_marsh, serial_shops, shop, special_room
          [special_room_bee]
Temple:   dpeg_chambers_temple
Lair:1:   layout_layer_cave, minmay_lair_oklob_items, minivault_25,
          minmay_stone_trees_large, infiniplex_staircase_pool, uniq_joseph
Lair:2:   layout_gridlike, elwin_shoals_entry_rocks, ebering_ghost_xom,
          minmay_stone_trees_small
Lair:3:   layout_concentric_octagons, basic_altar
Lair:4:   layout_gridlike, dummy_snake_entry, special_room
          [special_room_mythical_zoo], dpeg_oklob_1, grunt_megastairs_3,
          minmay_lair_oklob_chamber
Lair:5:   layout_hall_layers, beast_lair_carwin_4, serial_bayou_shore_a
Lair:6:   evil_forest, layout_layer_cave, slime_altar_1
Shoals:1: layout_shoals, ebering_ghost_gozag, serial_shops,
          nicolae_shop_crystal, shop
Shoals:2: layout_shoals, serial_shops, nicolae_shop_behind_doors
Shoals:3: layout_shoals, lemuel_centaur_altar, uniq_bai_suzhen
Shoals:4: shoals_end_simple, layout_shoals, uniq_polyphemus
Snake:1:  gammafunk_sealed_arena, layout_grid_maze
Snake:2:  layout_rooms, drop_trap, uniq_jorgrun
Snake:3:  layout_rooms, special_room, grunt_megastairs_5, minmay_shop_star
Snake:4:  grunt_snake_rune_pools, layout_rooms, serial_shops,
          nicolae_shop_behind_doors, minmay_shop_grove, uniq_asterion
Slime:1:  layout_caves, nicolae_slime_barrier
Slime:2:  layout_caves, uniq_dissolution
Slime:3:  layout_caves
Slime:4:  layout_caves, cheibrodos_slime_lost_civilization_5
Slime:5
Orc:1:    layout_caves, basic_altar, portal_ice_cave_demonic_guard,
          chequers_guarded_unrand_ignorance
Orc:2:    st_orc_ogre_mass, layout_caves, basic_altar, nicolae_orc_lava_tube,
          roderic_batcave, bloody_makhleb, uniq_donald

Skill      XL: |  1  2  3  4  5  6  7  8  9 10 11 12 13 14 15 16 17 18 19 20 |
---------------+-------------------------------------------------------------+-----
Fighting       | 4 5 6 7 8 10 11 13 15 16 17 18 | 18.7
Shields        | 4 5 6 7 9 10 11 12 13 14 16 17 | 17.7
Armour         | 4 5 6 7 9 10 11 12 13 14 15 | 15.2
Axes           | 4 5 7 8 10 11 12 13 14 15 16 17 | 17.1
Throwing       | 1 2 3 4 5 7 8 10 | 10.6
Stealth        | 1 3 4 5 8 10 11 13 | 13.2
Dodging        | 4 5 6 7 8 |  8.1
Ice Magic      | 3 |  3.2
Air Magic      | 2 |  2.9
Earth Magic    | 3 |  3.7
Poison Magic   | 2 |  2.9
Invocations    | 4 |  4.3
Evocations     | 3 4 5 6 |  6.2
Slings         | 1 3 5 6 8 9 10 | 10.2
Long Blades    | 3 4 5 6 7 |  7.6
Polearms       | 2 |  2.2
Maces & Flails | 1 2 |  2.5
Spellcasting   | |  0.9

Action                   |  1- 3 |  4- 6 |  7- 9 | 10-12 | 13-15 | 16-18 | 19-21 || total
-------------------------+-------+-------+-------+-------+-------+-------+-------++-------
Melee: War axe           |    53 |    86 |    56 |       |       |       |       ||   195
       Headbutt          |     6 |    10 |    18 |   145 |   434 |   479 |   403 ||  1495
       Bite              |       |       |    13 |    77 |   256 |   280 |   228 ||   854
       Hand axe          |       |       |    80 |   549 |  1031 |  1225 |  1031 ||  3916
       Kick              |       |       |    10 |       |       |       |       ||    10
       Staff             |       |       |       |     3 |     1 |       |       ||     4
       Scimitar          |       |       |       |    21 |    57 |    24 |       ||   102
       Broad axe         |       |       |       |    16 |    49 |    25 |     7 ||    97
       Fustibalus        |       |       |       |       |     6 |       |     1 ||     7
       Demon trident     |       |       |       |       |    33 |     3 |       ||    36
       Falchion          |       |       |       |       |    42 |       |       ||    42
       Flail             |       |       |       |       |    11 |       |       ||    11
       Long sword        |       |       |       |       |     9 |     2 |       ||    11
       Demon blade       |       |       |       |       |       |    69 |       ||    69
       Morningstar       |       |       |       |       |       |    13 |       ||    13
 Fire: Hunting sling     |     1 |       |     3 |     2 |       |       |       ||     6
       Fustibalus        |       |       |       |   102 |   210 |   162 |    77 ||   551
Throw: Boomerang         |     7 |     2 |    13 |    36 |    64 |   251 |    61 ||   434
       Dart              |       |       |     4 |    16 |    23 |    15 |       ||    58
       Stone             |       |       |     2 |       |       |     2 |       ||     4
       Throwing net      |       |       |     1 |     1 |       |       |     1 ||     3
       Javelin           |       |       |       |       |     1 |    37 |       ||    38
 Cast: Sandblast         |       |       |       |     3 |       |       |       ||     3
Invok: Lunge             |       |     4 |    12 |    49 |    48 |   119 |    65 ||   297
       Whirlwind         |       |       |     4 |    26 |    42 |   167 |   283 ||   522
       Serpent's Lash    |       |       |       |     1 |       |     1 |       ||     2
       Heavenly Storm    |       |       |       |     1 |     3 |     3 |       ||     7
 Abil: Wall Jump         |       |       |       |    16 |    17 |    21 |     4 ||    58
       Evoke Invisibilit |       |       |       |       |     1 |       |       ||     1
       Evoke Blink       |       |       |       |       |       |       |    15 ||    15
Evoke: Wand              |       |       |       |     4 |    22 |    11 |     5 ||    42
       Box of beasts     |       |       |       |       |     3 |       |     1 ||     4
       Condenser vane    |       |       |       |       |     2 |     2 |     1 ||     5
       Phantom mirror    |       |       |       |       |       |       |     1 ||     1
  Use: Scroll            |     3 |     7 |     8 |    12 |    11 |    11 |     4 ||    56
       Potion            |     3 |       |     4 |     8 |    13 |     7 |     5 ||    40
 Stab: Invisible         |     3 |       |       |     2 |     2 |       |       ||     7
       Sleeping          |       |       |       |     5 |       |     4 |     1 ||    10
       Held in net/web   |       |       |       |     1 |       |       |     1 ||     2
       Distracted        |       |       |       |     1 |     2 |     4 |     1 ||     8
Armor: Scale mail        |     6 |       |       |    13 |       |   136 |       ||   155
       Plate armour      |    30 |    61 |    58 |   180 |   327 |   190 |   254 ||  1100
       Troll leather arm |       |       |     4 |    48 |       |       |       ||    52
       Robe              |       |       |       |     8 |       |       |       ||     8
       Skin              |       |       |       |     1 |     4 |       |       ||     5
       Leather armour    |       |       |       |       |    57 |       |       ||    57
Dodge: Dodged            |    17 |    13 |    26 |   167 |   297 |   354 |   210 ||  1084
Block: Kite shield       |    40 |    43 |    48 |   293 |   535 |   332 |       ||  1291
       Tower shield      |       |       |       |       |       |   577 |   877 ||  1454
       Rpst.: Scimitar   |       |       |       |     1 |    10 |       |       ||    11
       Falchion          |       |       |       |       |     1 |       |       ||     1
       Demon blade       |       |       |       |       |       |     1 |       ||     1
